 Dungeon Crawl Stone Soup version 0.27.0-1-g7a089689b8 (webtiles) character file.

Game seed: 9986660733545561910

91 makewrite the Skirmisher (level 4, -6/40 HPs)
             Began as a Hill Orc Fighter on Aug 15, 2021.
             Killed from afar by Sigmund (7 damage)
             ... with a puff of flame
             ... on level 2 of the Dungeon.
             The game lasted 00:03:05 (2045 turns).

makewrite the Skirmisher (Hill Orc Fighter)         Turns: 2045, Time: 00:03:05

Health: -6/40      AC:  9    Str: 19    XL:     4   Next: 59%
Magic:  4/4        EV:  7    Int:  8    God:
Gold:   20         SH:  0    Dex: 10    Spells: 3/3 levels left

rFire    . . .     SeeInvis .   a - +0 trident
rCold    . . .     Faith    .   c - +0 kite shield
rNeg     . . .     Spirit   .   b - +0 scale mail
rPois    .         Reflect  .   (no helmet)
rElec    .         Harm     .   (no cloak)
rCorr    .         Rampage  .   f - +1 pair of gloves
Will     .....                  (no boots)
Stlth    ..........             (no amulet)
HPRegen  0.13/turn              (no ring)
MPRegen  0.09/turn              (no ring)

@: confused
A: no striking features
a: no special abilities


You were on level 2 of the Dungeon.
You visited 1 branch of the dungeon, and saw 2 of its levels.

You collected 20 gold pieces.

Inventory:

Hand Weapons
 a - a +0 trident (weapon)
Missiles
 g - 13 poisoned darts (quivered)
Armour
 b - a +0 scale mail (worn)
 c - a +0 kite shield (worn)
 f - a +1 pair of gloves (worn)
Scrolls
 h - a scroll of fear {unknown}
Potions
 d - a potion of might
 e - a potion of cancellation {unknown}
 i - a potion of degeneration {unknown}


   Skills:
 + Level 4.2 Fighting
 * Level 3.6 Polearms
 + Level 3.9 Armour
 + Level 3.9 Shields


You had 3 spell levels left.
You didn't know any spells.
Your spell library was empty.

Dungeon Overview and Level Annotations

Branches:
Dungeon (2/15)

Altars:

Annotations:
D:2 Sigmund


Message History

No target in view!
g - 12 poisoned darts (gained 1)
g - 13 poisoned darts (gained 1) Sigmund the Dreaded comes into view.
He is wielding a +0 scythe and carrying a wand of flame (12).
Sigmund points at you and mumbles some strange words.
The puff of flame hits you!
Sigmund is nearby!
Sigmund is nearby!
Sigmund barely misses you.
You puncture Sigmund!
Sigmund is moderately wounded.
You block Sigmund's attack. Sigmund hits you but does no damage.
You hit Sigmund.
Sigmund is moderately wounded.
Sigmund hits you with a +0 scythe!
You closely miss Sigmund.
Sigmund is moderately wounded.
You block Sigmund's attack.
You closely miss Sigmund.
Sigmund is moderately wounded.
Sigmund zaps a wand.
The puff of flame hits you!
You closely miss Sigmund.
Sigmund is moderately wounded.
Sigmund barely misses you. Sigmund hits you with a +0 scythe.
* * * LOW HITPOINT WARNING * * *
You barely miss Sigmund.
Sigmund is moderately wounded.
Sigmund barely misses you.
You hit Sigmund.
Sigmund is moderately wounded.
Sigmund says, "You will soon forget everything."
Sigmund zaps a wand.
The puff of flame hits you.
* * * LOW HITPOINT WARNING * * *
Sigmund casts a spell at you.
You are confused.
Sigmund barely misses you. Sigmund hits you with a +0 scythe.
* * * LOW HITPOINT WARNING * * *
Sigmund zaps a wand.
The puff of flame hits you!
You die...

#.......# ##.......##
.#........# .#........#
.#........# .#.##..##.#
##### .#.#...##.# #.@.#
...#.#..#.#....#.#
...).##.#.######@#
........#...# #.#
....[...###.# #.#
.....†......# #.#
......#)##..####.#
#####.#..#.......####.#
#.##.#.###........# ##
#.##.#.###..#.##### .#
#.##.#.........#


You could see Sigmund.

Vanquished Creatures
  Terence (D:2)
  Robin (D:2)
  A worm (D:2)
  3 dart slugs
  2 ball pythons (D:1)
  4 bats (D:1)
  4 endoplasms (D:1)
  A giant cockroach (D:1)
  10 goblins
  8 hobgoblins
  A frilled lizard (D:1)
  4 kobolds
  2 rats
42 creatures vanquished.

Vanquished Creatures (others)
  A plant (D:1)
1 creature vanquished.

Grand Total: 43 creatures vanquished

Notes
Turn   | Place    | Note
-------+----------+-------------------------------------------
     0 | D:1      | makewrite the Hill Orc Fighter began the quest for the Orb.
     0 | D:1      | Reached XP level 1. HP: 19/19 MP: 1/1
   150 | D:1      | Reached XP level 2. HP: 27/27 MP: 2/2
   663 | D:1      | Found a faded altar of an unknown god.
   708 | D:1      | Reached XP level 3. HP: 29/33 MP: 3/3
   980 | D:2      | Reached skill level 4 in Fighting
  1082 | D:2      | Noticed Robin
  1197 | D:2      | HP: 1/33 [hobgoblin[Robin] (3)]
  1537 | D:2      | Killed Robin
  1538 | D:2      | Reached XP level 4. HP: 9/40 MP: 4/4
  1886 | D:2      | Noticed Terence
  1892 | D:2      | Killed Terence
  2031 | D:2      | Noticed Sigmund
  2044 | D:2      | HP: 1/40 [Sigmund (5)]
  2045 | D:2      | Killed from afar by Sigmund

Illustrated notes

Levels and vault maps discovered:
D:1:      psy_arrival_whirlpool, layout_loops_ring,
          shapermc_ecumenical_altar_acropolis
D:2:      layout_basic, palyth_stone_intersect, uniq_robin, uniq_terence,
          uniq_sigmund

Skill      XL: |  1  2  3 |
---------------+----------+-----
Polearms       | 3 |  3.6
Fighting       | 4 |  4.2
Armour         | |  3.9
Shields        | |  3.9

Action                   |  1- 3 |  4- 6 || total
-------------------------+-------+-------++-------
Melee: Trident           |    90 |    11 ||   101
Throw: Dart              |    38 |       ||    38
Armor: Scale mail        |    47 |     1 ||    48
Dodge: Dodged            |    32 |     4 ||    36
Block: Kite shield       |    67 |     3 ||    70
